 Dungeon Crawl Stone Soup version 0.27-a0-562-g0d39f094a4 (webtiles) character file.

Game seed: 4659986486403491683

8722 pkoi the Fencer (level 11, 0/89 HPs)
             Began as a Minotaur Gladiator on Mar 8, 2021.
             Was a Priest of Okawaru.
             Slain by Snorg (4 damage)
             ... on level 10 of the Dungeon.
             The game lasted 00:10:57 (8137 turns).

pkoi the Fencer (Minotaur Gladiator)                Turns: 8137, Time: 00:10:58

Health: 0/89       AC:  9    Str: 21    XL:     11   Next: 13%
Magic:  10/12      EV: 16    Int:  5    God:    Okawaru [***...]
Gold:   481        SH:  0    Dex: 13    Spells: 10/10 levels left

rFire    + . .     SeeInvis .   h - +1 great sword
rCold    + + .     Faith    .   (shield currently unavailable)
rNeg     . . .     Spirit   .   t - +4 leather armour "Lyasoj" {rC++ Regen+}
rPois    +         Reflect  .   c - +1 hat
rElec    .         Harm     .   (no cloak)
rCorr    .         Rampage  .   (no gloves)
Will     .....                  (no boots)
Stlth    +++.......             n - amulet of regeneration
HPRegen  2.24/turn              v - ring of poison resistance
MPRegen  0.13/turn              k - ring of protection from fire

@: heroic
A: horns 2, retaliatory headbutt
a: Renounce Religion, Heroism


You were on level 10 of the Dungeon.
You worshipped Okawaru.
Okawaru was most pleased with you.
You visited 2 branches of the dungeon, and saw 11 of its levels.

You collected 481 gold pieces.

Inventory:

Hand Weapons
 a - a +0 long sword
 h - a +1 great sword (weapon)
Missiles
 d - 3 throwing nets (quivered)
 q - 4 silver javelins
 r - 21 poisoned darts
 x - 29 boomerangs
Armour
 b - a +0 leather armour
 c - a +1 hat (worn)
 t - the +4 leather armour "Lyasoj" (worn) {rC++ Regen+}
   (You found it on level 5 of the Dungeon)

   It greatly protects you from cold.
   It increases your rate of regeneration.
Jewellery
 k - a ring of protection from fire (right hand)
 n - an amulet of regeneration (around neck)
 v - a ring of poison resistance (left hand)
 A - a ring of resist corrosion
Wands
 w - a wand of paralysis (8)
 y - a wand of iceblast (11)
 D - a wand of flame (19)
Scrolls
 e - a scroll of magic mapping
 m - 7 scrolls of identify
 s - 3 scrolls of teleportation
 u - 2 scrolls of fear
 z - a scroll of blinking
 E - 2 scrolls of random uselessness {unknown}
Potions
 f - 2 potions of curing
 g - 2 potions of mutation {unknown}
 i - 5 potions of haste {unknown}
 o - 4 potions of brilliance
 p - 2 potions of cancellation
 C - a potion of invisibility {unknown}


   Skills:
 * Level 5.9(10.9) Fighting
 + Level 16.4(21.4) Long Blades
 * Level 4.9(9.9) Throwing
 * Level 5.4(10.4) Armour
 * Level 6.0(11.0) Dodging
 + Level 2.7 Invocations


You had 10 spell levels left.
You didn't know any spells.
Your spell library was empty.

Dungeon Overview and Level Annotations

Branches:
Dungeon (10/15)            Temple (1/1) D:7            Lair (0/6) D:9
    Orc (0/2) D:10

Altars:
Ashenzari
Cheibriados
Dithmenos
Elyvilon
Fedhas
Gozag
Hepliaklqana
Kikubaaqudgha
Makhleb
Nemelex Xobeh
Okawaru
Qazlal
Ru
Sif Muna
Trog
Uskayaw
Vehumet
Wu Jian
Xom
Yredelemnul
Zin
The Shining One

Shops:
D:7 *

Annotations:
D:3 1 runed translucent door
D:10 5 runed translucent doors, Snorg


Innate Abilities, Weirdness & Mutations

You have a pair of horns on your head.
You reflexively headbutt those who attack you in melee.


Message History

The killer bee buzzes angrily. x3
A killer bee comes into view.
A killer bee is nearby!
A killer bee is nearby!
The killer bee buzzes angrily.
You slash Snorg!
Snorg is lightly wounded.
Snorg bites you! Snorg claws you. Snorg closely misses you.
You slash Snorg!
Snorg is lightly wounded.
Snorg goes berserk!
You hit Snorg. You headbutt Snorg.
Snorg is moderately wounded.
Snorg barely misses you. You furiously retaliate!
You headbutt Snorg! Snorg claws you but does no damage. Snorg claws you!
You barely miss Snorg.
Snorg is moderately wounded.
Snorg misses you. Snorg claws you! Snorg claws you but does no damage.
You slash Snorg! Your headbutt misses Snorg.
Snorg is moderately wounded.
Snorg bites you but does no damage. Snorg claws you! Snorg claws you.
The killer bee stings you. Snorg closely misses you.
Snorg claws you but does no damage. Snorg barely misses you.
You gain the combat prowess of a mighty hero.
The killer bee misses you.
The killer bee stings you but does no damage.
Snorg bites you. Snorg claws you but does no damage. Snorg misses you.
You slash Snorg! Your headbutt misses Snorg.
Snorg is moderately wounded.
The killer bee stings you but does no damage.
Snorg closely misses you. Snorg claws you!
* * * LOW HITPOINT WARNING * * *
Snorg barely misses you. The killer bee closely misses you.
Unknown command.
You carve Snorg like a ham!!!
Snorg is severely wounded.
Snorg bites you!!
* * * LOW HITPOINT WARNING * * *
Snorg closely misses you. Snorg claws you.
You die...

...... #..
#..y..##..........
.##..y##...........
.y#..y#....####....
...##.##....# ....
#..#+#.....# ...
#.#)#.....# ##
#.###.....#
#......# #@.#...#
#Ty#...# ...#...#
##..#...# #..#...#
#..#...# #..# #..#


You could see Snorg (berserk) and a killer bee.

Vanquished Creatures
  Harold (D:7)
  4 death yaks (D:9)
  Maggie (D:8)
  Grinder (D:5)
  2 slime creatures
  A shadow (D:10)
  4 yaks (D:9)
  Eustachio (D:5)
  Edmund (D:4)
  Duvessa (D:7)
  4 orc warriors
  A sky beast (D:8)
  4 ogres
  2 centaurs
  2 phantoms
  A kobold brigand (D:9)
  A gnoll sergeant (D:6)
  A bullfrog (D:7)
  3 scorpions
  Dowan (D:7)
  4 troll zombies (D:10)
  4 killer bees (D:9)
  4 wights (D:7)
  4 howler monkeys
  A quasit (D:9)
  A centaur skeleton (D:6)
  5 orc priests
  4 hounds
  3 jellies
  Terence (D:2)
  Jessica (D:2)
  A bullfrog skeleton (D:9)
  An iguana (D:8)
  7 worker ants
  Natasha (twice) (D:2)
  11 orc wizards
  3 ogre zombies (D:10)
  A hound zombie (D:6)
  2 hound skeletons
  Robin (D:2)
  4 gnolls (D:6)
  13 adders
  A shadow imp (D:9)
  2 white imps
  An adder zombie (D:7)
  2 worms (D:2)
  2 dart slugs (D:1)
  8 leopard geckos
  36 orcs
  A ball python (D:4)
  14 bats
  6 giant cockroaches
  15 goblins
  13 hobgoblins
  14 jackals
  6 quokkas
  3 frilled lizards
  2 goblin skeletons (D:10)
  4 goblin zombies (D:10)
  3 hobgoblin zombies (D:10)
  13 kobolds
  A leopard gecko zombie (D:6)
  2 orc skeletons (D:10)
  9 orc zombies (D:10)
  A quokka skeleton (D:4)
  5 rats
279 creatures vanquished.

Notes
Turn   | Place    | Note
-------+----------+-------------------------------------------
     0 | D:1      | pkoi the Minotaur Gladiator began the quest for the Orb.
     0 | D:1      | Reached XP level 1. HP: 18/18 MP: 0/0
    23 | D:1      | Reached skill level 4 in Long Blades
   193 | D:1      | Reached XP level 2. HP: 25/25 MP: 1/1
   877 | D:2      | Noticed Natasha
   883 | D:2      | Noticed a crimson imp
   883 | D:2      | Killed Natasha
   884 | D:2      | Reached skill level 5 in Long Blades
   884 | D:2      | Reached XP level 3. HP: 25/30 MP: 2/2
   952 | D:2      | Noticed Terence
   963 | D:2      | Killed Terence
   964 | D:2      | Reached skill level 6 in Long Blades
   964 | D:2      | Reached XP level 4. HP: 25/37 MP: 3/3
   994 | D:2      | Noticed Natasha
  1001 | D:2      | Killed Natasha
  1067 | D:2      | Noticed Jessica
  1079 | D:2      | Killed Jessica
  1080 | D:2      | Reached skill level 7 in Long Blades
  1080 | D:2      | Reached XP level 5. HP: 33/42 MP: 4/4
  1327 | D:2      | Noticed Robin
  1342 | D:2      | Killed Robin
  1521 | D:3      | Found a glowing silver altar of Zin.
  1522 | D:3      | Found a runed translucent door.
  1522 | D:3      | Noticed an angel
  1552 | D:3      | Reached skill level 8 in Long Blades
  1732 | D:3      | Reached XP level 6. HP: 50/50 MP: 5/5
  2068 | D:3      | Found a glowing silver altar of Zin.
  2616 | D:4      | Noticed Edmund
  2671 | D:4      | Killed Edmund
  2672 | D:4      | Reached skill level 9 in Long Blades
  2680 | D:4      | Reached XP level 7. HP: 39/56 MP: 6/6
  3105 | D:5      | Entered Level 5 of the Dungeon
  3111 | D:5      | Reached skill level 10 in Long Blades
  3239 | D:5      | Noticed Eustachio
  3247 | D:5      | Killed Eustachio
  3287 | D:5      | Identified the +4 leather armour "Lyasoj" {rC++ Regen+}
  3634 | D:5      | Noticed Grinder
  3640 | D:5      | Killed Grinder
  3641 | D:5      | Reached skill level 11 in Long Blades
  3641 | D:5      | Reached XP level 8. HP: 61/62 MP: 7/7
  3728 | D:5      | Reached skill level 12 in Long Blades
  4086 | D:6      | Reached skill level 13 in Long Blades
  4616 | D:6      | Reached XP level 9. HP: 62/68 MP: 8/8
  4656 | D:7      | Noticed Duvessa
  4658 | D:7      | Reached skill level 14 in Long Blades
  4658 | D:7      | Noticed Dowan
  4664 | D:7      | Killed Dowan
  4669 | D:7      | Killed Duvessa
  4887 | D:7      | Noticed Harold
  4904 | D:7      | Killed Harold
  4905 | D:7      | Reached skill level 15 in Long Blades
  5485 | D:7      | Reached skill level 16 in Long Blades
  5708 | D:7      | Found Wekhleix's General Store.
  5837 | D:7      | Found a staircase to the Ecumenical Temple.
  6062 | D:8      | Reached skill level 1 in Armour
  6104 | Temple   | Entered the Ecumenical Temple
  6365 | Temple   | Became a worshipper of Warmaster Okawaru
  6391 | D:8      | Reached XP level 10. HP: 75/75 MP: 9/9
  6410 | D:8      | Noticed Maggie
  6418 | D:8      | Killed Maggie
  7040 | D:8      | Reached * piety under Okawaru
  7041 | D:8      | Reached skill level 1 in Invocations
  7076 | D:9      | Found a sacrificial altar of Ru.
  7348 | D:9      | Found an ornate altar of the Wu Jian Council.
  7533 | D:9      | Noticed a death yak
  7534 | D:9      | Noticed a death yak
  7550 | D:9      | Noticed a death yak
  7551 | D:9      | Killed a death yak
  7551 | D:9      | Reached ** piety under Okawaru
  7551 | D:9      | Noticed a death yak
  7552 | D:9      | Reached skill level 5 in Dodging
  7554 | D:9      | Noticed a death yak
  7657 | D:9      | Found a staircase to the Lair.
  7765 | D:9      | Killed a death yak
  7766 | D:9      | Reached skill level 5 in Fighting
  7773 | D:9      | Killed a death yak
  7773 | D:9      | Reached *** piety under Okawaru
  7780 | D:9      | Killed a death yak
  7781 | D:9      | Reached skill level 5 in Armour
  7781 | D:9      | Reached XP level 11. HP: 70/89 MP: 11/11
  7936 | D:10     | Entered Level 10 of the Dungeon
  7953 | D:10     | Found a staircase to the Orcish Mines.
  8083 | D:10     | Found a runed translucent gate.
  8084 | D:10     | Found a runed translucent gate.
  8084 | D:10     | Found a runed translucent door.
  8093 | D:10     | Found a runed translucent gate.
  8112 | D:10     | Found a runed translucent door.
  8120 | D:10     | Found the +9 staff of Olgreb {rPois∞}
  8122 | D:10     | Noticed Snorg
  8137 | D:10     | HP: 4/89 [Snorg (22)]
  8137 | D:10     | Slain by Snorg

Illustrated notes

Levels and vault maps discovered:
D:1:      elethiomel_arrival_quiet, layout_basic, corner_web_ring
D:2:      layout_rooms, uniq_robin, uniq_terence, uniq_natasha, uniq_jessica
D:3:      layout_loops_ring, zin_statuary, lemuel_angel_altar
D:4:      layout_loops_corners, minmay_misc_feat_four_crosses,
          serial_park_tiny_2, nrook_mini_backslash, abandoned_shop, uniq_edmund
D:5:      layout_basic, kennysheep_dice, uniq_grinder, uniq_eustachio
D:6:      layout_basic, feat_on_display
D:7:      layout_gridville, minmay_temple_entry_from_below_a, serial_shops,
          kennysheep_mini, uniq_duvessa, uniq_harold
D:8:      minmay_distorted_concentric_squares, layout_gridville,
          nicolae_straight_to_the_point, uniq_maggie
D:9:      layout_loops_ring, dpeg_lair_monsters, basic_altar, minivault_21,
          hangedman_abyss_or_decor_stagger, minmay_ruined_shrine
D:10:     layout_long_grid, zombieorc2_lemuel,
          minmay_guarded_unrand_staff_of_olgreb, uniq_snorg
Temple:   compressed_dpeg_triangle_lava_temple

Skill      XL: |  1  2  3  4  5  6  7  8  9 10 11 |
---------------+----------------------------------+-----
Long Blades    | 4 5 6 7 8 9 11 13 16 | 16.4
Armour         | 1 5 |  5.4
Fighting       | 5 |  5.9
Dodging        | 5 6 |  6.0
Throwing       | 4 |  4.9
Invocations    | 2 |  2.7

Action                   |  1- 3 |  4- 6 |  7- 9 | 10-12 || total
-------------------------+-------+-------+-------+-------++-------
Melee: Long sword        |    46 |   183 |    12 |       ||   241
       Headbutt          |     6 |    26 |    62 |    41 ||   135
       Great sword       |       |       |   234 |   181 ||   415
Invok: Heroism           |       |       |       |     4 ||     4
  Use: Scroll            |       |     8 |     5 |     2 ||    15
 Stab: Sleeping          |       |       |     1 |       ||     1
Armor: Leather armour    |    10 |    46 |   107 |    47 ||   210
Dodge: Dodged            |    48 |   119 |   176 |   104 ||   447
       Rpst.: Long sword |    11 |    23 |     3 |       ||    37
       Great sword       |       |       |    44 |    20 ||    64

Table legend: (Time is in decaauts)
 A = Elapsed time spent in this place.
 B = Non-inter-level travel time spent in this place.
 C = Inter-level travel time spent in this place.
 D = Time resting spent in this place.
 E = Time spent auto-exploring this place.
 F = Levels seen in this place.
 G = Mean time per level.
                   A        B        C        D        E       F      G
               +--------+--------+--------+--------+--------+-----+--------+
         Total |   8144 |   7681 |    463 |    631 |   5415 |  11 |  740.4 |
       Dungeon |   7869 |   7419 |    450 |    631 |   5173 |  10 |  786.9 |
        Temple |    274 |    261 |     13 |      0 |    242 |   1 |  274.0 |
               +--------+--------+--------+--------+--------+-----+--------+

Top non-repeatable levels by time:
     D:6: 1023 daAuts
     D:7: 986 daAuts
     D:4: 939 daAuts
     D:1: 904 daAuts
     D:8: 902 daAuts
     D:9: 862 daAuts
     D:5: 778 daAuts
     D:3: 684 daAuts
     D:2: 600 daAuts
  Temple: 274 daAuts
    D:10: 188 daAuts
